| TOP OF THE 1ST |
|
West Virginia Power batting - Pitching for South Bend Cubs : RHP Angel Pesina
|
|
Pitching: RHP Angel Pesina
|
|
|
Batting: RHB Melvin Durland
|
0-0: Ball 1-0: Ball 2-0: Ball 3-0: SINGLE (Groundball, 6, EV 112.5 MPH)
|
|
Batting: RHB Hidesuke Yoshida
|
0-0: Ball 1-0: Ball 2-0: SINGLE (Groundball, 56D, EV 100.0 MPH) Melvin Durland to second
|
|
Batting: RHB Ricky Alvarado
|
0-0: Called Strike 0-1: Ball 1-1: Called Strike 1-2: Ball 2-2: Strikes out looking
|
|
Batting: LHB Dustin Herman
|
0-0: Fly out, F8 (Flyball, 78M, EV 75.6 MPH)
|
|
Batting: SHB Don Hauk
|
0-0: Called Strike 0-1: Fielders Choice at 2nd, U6 (Groundball, 6M, EV 80.6 MPH)
|
| Top of the 1st over - 0 runs, 2 hits, 0 errors, 2 left on base; West Virginia 0 - South Bend 0 |
| BOTTOM OF THE 1ST |
|
South Bend Cubs batting - Pitching for West Virginia Power : LHP Mario Arango
|
|
Pitching: LHP Mario Arango
|
|
|
Batting: RHB Dan Orozco
|
0-0: Swinging Strike 0-1: Foul Ball, location: 2F 0-2: Strikes out swinging
|
|
Batting: RHB Dave de Wolff
|
0-0: Called Strike 0-1: Foul Ball, location: 2F 0-2: Ball 1-2: Foul Ball, location: 2F 1-2: Ground out 5-3 (Groundball, 56, EV 98.1 MPH)
|
|
Batting: RHB Erik Smith
|
0-0: Called Strike 0-1: SINGLE (Line Drive, 89S, EV 92.5 MPH)
|
|
Batting: RHB Mike Stein
|
0-0: Ball 1-0: Called Strike 1-1: SINGLE (Groundball, 56D, EV 109.4 MPH) Erik Smith to second
|
|
Batting: RHB Mike Hill
|
0-0: Called Strike 0-1: Foul Ball, location: 2F 0-2: Foul Ball, location: 2F 0-2: Ball 1-2: Ball 2-2: Strikes out swinging
|
| Bottom of the 1st over - 0 runs, 2 hits, 0 errors, 2 left on base; West Virginia 0 - South Bend 0 |
| TOP OF THE 2ND |
|
West Virginia Power batting - Pitching for South Bend Cubs : RHP Angel Pesina
|
|
Batting: SHB Rob Haney
|
0-0: Ball 1-0: Ball 2-0: Foul Ball, location: 2F 2-1: Ball 3-1: Base on Balls
|
|
Batting: RHB Randy Bergman
|
0-0: Ball 1-0: Reached on error, E1 (Groundball, P, EV 64.4 MPH) Rob Haney to second
|
|
Batting: LHB Jim Weidman
|
0-0: Ball 1-0: Swinging Strike 1-1: Fly out, F8 (Flyball, 8LM, EV 87.5 MPH)
|
|
Batting: RHB Chris Arroyo
|
0-0: Swinging Strike 0-1: Swinging Strike 0-2: Ball 1-2: Strikes out swinging
|
|
Batting: RHB Melvin Durland
|
0-0: Ball 1-0: Called Strike 1-1: Fly out, F8 (Flyball, 89S, EV 78.8 MPH)
|
| Top of the 2nd over - 0 runs, 0 hits, 1 error, 2 left on base; West Virginia 0 - South Bend 0 |
| BOTTOM OF THE 2ND |
|
South Bend Cubs batting - Pitching for West Virginia Power : LHP Mario Arango
|
|
Batting: RHB Ryan Bush
|
0-0: Called Strike 0-1: Ball 1-1: Swinging Strike 1-2: Foul Ball, location: 2F 1-2: Foul Ball, location: 2F 1-2: Strikes out swinging
|
|
Batting: RHB David Bousfield
|
0-0: Ball 1-0: Ball 2-0: Called Strike 2-1: Ball 3-1: Foul Ball, location: 2F 3-2: Base on Balls
|
|
Batting: RHB Victor Ramirez
|
0-0: Called Strike 0-1: Ball 1-1: Foul Ball, location: 2F 1-2: Ground out 4-3 (Groundball, 4S, EV 66.2 MPH) David Bousfield to second
|
|
Batting: RHB Gilberto Alvarado
|
0-0: Ground out 5-3 (Groundball, 56, EV 91.9 MPH)
|
| Bottom of the 2nd over - 0 runs, 0 hits, 0 errors, 1 left on base; West Virginia 0 - South Bend 0 |
| TOP OF THE 3RD |
|
West Virginia Power batting - Pitching for South Bend Cubs : RHP Angel Pesina
|
|
Batting: RHB Hidesuke Yoshida
|
0-0: Ball 1-0: Ball 2-0: Called Strike 2-1: Ball 3-1: Base on Balls
|
|
Batting: RHB Ricky Alvarado
|
0-0: Called Strike Hidesuke Yoshida steals 2nd base 0-1: Foul Ball, location: 2F 0-2: Foul Ball, location: 2F 0-2: Foul Ball, location: 2F 0-2: Strikes out swinging
|
|
Batting: LHB Dustin Herman
|
0-0: Called Strike 0-1: Foul Ball, location: 2F 0-2: Foul Ball, location: 2F 0-2: Strikes out swinging
|
|
Batting: SHB Don Hauk
|
0-0: Ball 1-0: Ball 2-0: DOUBLE (Flyball, 8RXD, EV 100.6 MPH) Hidesuke Yoshida scores
|
|
Pitching: LHP Dusty Blubaugh
|
|
|
Batting: SHB Rob Haney
|
0-0: Ball 1-0: Called Strike 1-1: Called Strike 1-2: Ball 2-2: Foul Ball, location: 2F 2-2: Foul Ball, location: 2F 2-2: Ball 3-2: Strikes out looking
|
| Top of the 3rd over - 1 run, 1 hit, 0 errors, 1 left on base; West Virginia 1 - South Bend 0 |
| BOTTOM OF THE 3RD |
|
South Bend Cubs batting - Pitching for West Virginia Power : LHP Mario Arango
|
|
Batting: RHB Dan Orozco
|
0-0: Ball 1-0: Called Strike 1-1: Foul Ball, location: 2F 1-2: Ball 2-2: Foul Ball, location: 2F 2-2: Ball 3-2: Foul Ball, location: 2F 3-2: Base on Balls
|
|
Batting: RHB Dave de Wolff
|
0-0: Ball 1-0: Foul Ball, location: 2F 1-1: Foul Ball, location: 2F 1-2: Strikes out looking
|
|
Batting: RHB Erik Smith
|
0-0: Called Strike 0-1: Ball 1-1: Ball 2-1: Called Strike 2-2: Strikes out swinging
|
|
Batting: RHB Mike Stein
|
0-0: Foul Ball, location: 2F 0-1: Called Strike 0-2: Strikes out swinging
|
| Bottom of the 3rd over - 0 runs, 0 hits, 0 errors, 1 left on base; West Virginia 1 - South Bend 0 |
| TOP OF THE 4TH |
|
West Virginia Power batting - Pitching for South Bend Cubs : LHP Dusty Blubaugh
|
|
Batting: RHB Randy Bergman
|
0-0: Ball 1-0: Called Strike 1-1: Ground out 6-3 (Groundball, 56, EV 103.1 MPH)
|
|
Batting: LHB Jim Weidman
|
0-0: Called Strike 0-1: Ball 1-1: DOUBLE (Groundball, 3L, EV 98.1 MPH)
|
|
Batting: RHB Chris Arroyo
|
0-0: DOUBLE (Line Drive, 9LM, EV 95.6 MPH) Jim Weidman scores
|
|
Batting: RHB Melvin Durland
|
0-0: Swinging Strike 0-1: Foul Ball, location: 2F 0-2: Strikes out swinging
|
|
Batting: RHB Hidesuke Yoshida
|
0-0: Swinging Strike 0-1: Ball 1-1: Swinging Strike 1-2: Foul Ball, location: 2F 1-2: Ball 2-2: Ball 3-2: Foul Ball, location: 2F 3-2: Foul Ball, location: 2F 3-2: DOUBLE (Line Drive, 89D, EV 102.5 MPH) Chris Arroyo scores
|
|
Batting: RHB Ricky Alvarado
|
0-0: Called Strike 0-1: DOUBLE (Line Drive, 89D, EV 100.6 MPH) Hidesuke Yoshida scores
|
|
Pitching: RHP Steve Vint
|
|
|
Pinch Runner at 2nd Tim Moore:
|
|
|
Batting: LHB Dustin Herman
|
0-0: Ball 1-0: Swinging Strike 1-1: Swinging Strike 1-2: Ball 2-2: Strikes out swinging
|
| Top of the 4th over - 3 runs, 4 hits, 0 errors, 1 left on base; West Virginia 4 - South Bend 0 |
| BOTTOM OF THE 4TH |
|
South Bend Cubs batting - Pitching for West Virginia Power : LHP Mario Arango
|
|
Now at 2B: Rusty Trader
|
|
|
Batting: RHB Mike Hill
|
0-0: Called Strike 0-1: Ball 1-1: Ball 2-1: Foul Ball, location: 2F 2-2: Foul Ball, location: 2F 2-2: Strikes out looking
|
|
Batting: RHB Ryan Bush
|
0-0: Ball 1-0: Foul Ball, location: 2F 1-1: Ball 2-1: Ground out 6-3 (Groundball, 6S, EV 82.5 MPH)
|
|
Batting: RHB David Bousfield
|
0-0: Ball 1-0: Ball 2-0: Ground out 5-3 (Groundball, 5D, EV 101.2 MPH)
|
| Bottom of the 4th over - 0 runs, 0 hits, 0 errors, 0 left on base; West Virginia 4 - South Bend 0 |
| TOP OF THE 5TH |
|
West Virginia Power batting - Pitching for South Bend Cubs : RHP Steve Vint
|
|
Batting: SHB Don Hauk
|
0-0: Ball 1-0: Fly out, F7 (Flyball, 7, EV 89.4 MPH)
|
|
Batting: SHB Rob Haney
|
0-0: Fly out, F8 (Line Drive, 78S, EV 93.8 MPH)
|
|
Batting: RHB Randy Bergman
|
0-0: Ball 1-0: Swinging Strike 1-1: Ball 2-1: SINGLE (Flyball, 8LS, EV 84.4 MPH)
|
|
Batting: LHB Jim Weidman
|
0-0: Ball 1-0: Ball 2-0: Swinging Strike 2-1: Ball 3-1: Fly out, F8 (Line Drive, 8LM, EV 90.6 MPH)
|
| Top of the 5th over - 0 runs, 1 hit, 0 errors, 1 left on base; West Virginia 4 - South Bend 0 |
| BOTTOM OF THE 5TH |
|
South Bend Cubs batting - Pitching for West Virginia Power : LHP Mario Arango
|
|
Batting: RHB Victor Ramirez
|
0-0: Ball 1-0: Swinging Strike 1-1: Ball 2-1: Ball 3-1: Base on Balls
|
|
Batting: RHB Gilberto Alvarado
|
0-0: Ball 1-0: Called Strike 1-1: Foul Ball, location: 2F 1-2: Ball 2-2: Strikes out swinging
|
|
Batting: RHB Dan Orozco
|
0-0: Ball 1-0: Called Strike 1-1: Ball 2-1: Swinging Strike 2-2: Ball 3-2: Fly out, F7 (Flyball, 7S, EV 80.0 MPH)
|
|
Batting: RHB Dave de Wolff
|
0-0: Ball 1-0: Ball 2-0: Called Strike 2-1: Called Strike 2-2: Foul Ball, location: 2F 2-2: Foul Ball, location: 2F 2-2: Strikes out swinging
|
| Bottom of the 5th over - 0 runs, 0 hits, 0 errors, 1 left on base; West Virginia 4 - South Bend 0 |
| TOP OF THE 6TH |
|
West Virginia Power batting - Pitching for South Bend Cubs : RHP Steve Vint
|
|
Batting: RHB Chris Arroyo
|
0-0: Ball 1-0: Swinging Strike 1-1: Ball 2-1: SINGLE (Groundball, 23, EV 72.5 MPH) (infield hit)
|
|
Pitching: RHP Melvin Orengo
|
|
|
Batting: RHB Melvin Durland
|
0-0: Swinging Strike 0-1: Foul Ball, location: 2F 0-2: SINGLE (Groundball, 4MD, EV 108.8 MPH) Chris Arroyo to second
|
|
Batting: RHB Hidesuke Yoshida
|
0-0: Foul Ball, location: 2F 0-1: Swinging Strike 0-2: Strikes out swinging
|
|
Batting: RHB Rusty Trader
|
0-0: 3-RUN HOME RUN (Flyball, 78XD, EV 109.4 MPH), Distance : 413 ft
|
|
Batting: LHB Dustin Herman
|
0-0: Foul Ball, location: 2F 0-1: Foul Ball, location: 2F 0-2: Foul Ball, location: 2F 0-2: Ground out 6-3 (Groundball, 4M, EV 77.5 MPH)
|
|
Batting: SHB Don Hauk
|
0-0: Ball 1-0: Foul Ball, location: 2F 1-1: Called Strike 1-2: Ground out 3-1 (Groundball, 34, EV 85.0 MPH)
|
| Top of the 6th over - 3 runs, 3 hits, 0 errors, 0 left on base; West Virginia 7 - South Bend 0 |
| BOTTOM OF THE 6TH |
|
South Bend Cubs batting - Pitching for West Virginia Power : LHP Mario Arango
|
|
Batting: RHB Erik Smith
|
0-0: Ball 1-0: Swinging Strike 1-1: Foul Ball, location: 2F 1-2: Strikes out swinging
|
|
Batting: RHB Mike Stein
|
0-0: Ball 1-0: Ground out 5-3 (Groundball, 5L, EV 83.8 MPH)
|
|
Batting: RHB Mike Hill
|
0-0: Ball 1-0: Ball 2-0: Ball 3-0: Base on Balls
|
|
Pitching: LHP Hugo Aquino
|
|
|
Batting: RHB Ryan Bush
|
0-0: Swinging Strike 0-1: Ball 1-1: Ball 2-1: Ball 3-1: Ground out 5-3 (Groundball, 56S, EV 70.6 MPH)
|
| Bottom of the 6th over - 0 runs, 0 hits, 0 errors, 1 left on base; West Virginia 7 - South Bend 0 |
| TOP OF THE 7TH |
|
West Virginia Power batting - Pitching for South Bend Cubs : RHP Melvin Orengo
|
|
Batting: SHB Rob Haney
|
0-0: Ball 1-0: SINGLE (Groundball, 34D, EV 95.6 MPH)
|
|
Batting: RHB Randy Bergman
|
0-0: Ball Rob Haney steals 2nd base 1-0: Swinging Strike 1-1: Ball 2-1: Ball 3-1: Base on Balls
|
|
Pitching: LHP Mike Anderson
|
|
|
Batting: LHB Jim Weidman
|
0-0: Ball 1-0: Ball 2-0: Foul Ball, location: 2F 2-1: Foul Ball, location: 2F 2-2: Foul Ball, location: 2F 2-2: Foul Ball, location: 2F 2-2: Strikes out swinging
|
|
Batting: RHB Chris Arroyo
|
0-0: Foul Ball, location: 2F 0-1: Ball 1-1: Foul Ball, location: 2F 1-2: Foul Ball, location: 2F 1-2: Ball 2-2: Strikes out looking
|
|
Batting: RHB Melvin Durland
|
0-0: Ball 1-0: Ball 2-0: Called Strike 2-1: Ball 3-1: Swinging Strike 3-2: Foul Ball, location: 2F 3-2: Foul Ball, location: 2F 3-2: Base on Balls Rob Haney to third Randy Bergman to second
|
|
Pitching: RHP Andrew Dopp
|
|
|
Batting: RHB Hidesuke Yoshida
|
0-0: Called Strike 0-1: Called Strike 0-2: Ball 1-2: TRIPLE (Flyball, 9D, EV 98.8 MPH) Rob Haney scores Randy Bergman scores Melvin Durland scores
|
|
Batting: RHB Rusty Trader
|
0-0: Ball 1-0: Foul Ball, location: 2F 1-1: Ball 2-1: Ball 3-1: Foul Ball, location: 2F 3-2: Foul Ball, location: 2F 3-2: Foul Ball, location: 2F 3-2: DOUBLE (Flyball, 8LXD, EV 104.4 MPH) Hidesuke Yoshida scores
|
|
Pinch Hitting: LHB Shuan-yan Wu
|
0-0: Ball 1-0: Ball 2-0: Ball 3-0: Base on Balls
|
|
Batting: SHB Don Hauk
|
0-0: Ground out 1-3 (Groundball, 13, EV 68.1 MPH)
|
| Top of the 7th over - 4 runs, 3 hits, 0 errors, 2 left on base; West Virginia 11 - South Bend 0 |
| BOTTOM OF THE 7TH |
|
South Bend Cubs batting - Pitching for West Virginia Power : LHP Hugo Aquino
|
|
Now at 1B: Shuan-yan Wu
|
|
|
Batting: RHB David Bousfield
|
0-0: Ball 1-0: Called Strike 1-1: Ball 2-1: Ball 3-1: Called Strike 3-2: SINGLE (Groundball, 34D, EV 105.6 MPH)
|
|
Batting: RHB Victor Ramirez
|
0-0: Foul Ball, location: 2F 0-1: Swinging Strike 0-2: Strikes out swinging
|
|
Batting: RHB Gilberto Alvarado
|
0-0: Foul Ball, location: 2F 0-1: Swinging Strike 0-2: Ball 1-2: Strikes out swinging
|
|
Batting: RHB Dan Orozco
|
0-0: Ball 1-0: Foul Ball, location: 2F 1-1: Swinging Strike 1-2: Ball 2-2: Strikes out swinging
|
| Bottom of the 7th over - 0 runs, 1 hit, 0 errors, 1 left on base; West Virginia 11 - South Bend 0 |
| TOP OF THE 8TH |
|
West Virginia Power batting - Pitching for South Bend Cubs : RHP Andrew Dopp
|
|
Batting: SHB Rob Haney
|
0-0: Ball 1-0: Ball 2-0: Ball 3-0: Called Strike 3-1: Base on Balls
|
|
Pitching: RHP Scott Hanson
|
|
|
Batting: RHB Randy Bergman
|
0-0: Ball 1-0: Ball 2-0: Ball 3-0: Called Strike 3-1: SINGLE (Line Drive, 8LS, EV 91.9 MPH) Rob Haney to second Runner from 2nd tries for 3rd, SAFE, throw by CF made to third
|
|
Batting: LHB Jim Weidman
|
0-0: Ball 1-0: Grounds into double play, 6-4-3 (Groundball, 6, EV 85.0 MPH) Rob Haney scores
|
|
Batting: RHB Chris Arroyo
|
0-0: Ball 1-0: Fly out, F9 (Flyball, 89M, EV 83.1 MPH)
|
| Top of the 8th over - 1 run, 1 hit, 0 errors, 0 left on base; West Virginia 12 - South Bend 0 |
| BOTTOM OF THE 8TH |
|
South Bend Cubs batting - Pitching for West Virginia Power : LHP Hugo Aquino
|
|
Batting: RHB Dave de Wolff
|
0-0: Foul Ball, location: 2F 0-1: Ground out 5-3 (Groundball, 5L, EV 100.6 MPH)
|
|
Batting: RHB Erik Smith
|
0-0: Ball 1-0: Called Strike 1-1: Foul Ball, location: 2F 1-2: Ground out U3 (Groundball, 34, EV 106.9 MPH)
|
|
Batting: RHB Mike Stein
|
0-0: Ball 1-0: Called Strike 1-1: Called Strike 1-2: Strikes out swinging
|
| Bottom of the 8th over - 0 runs, 0 hits, 0 errors, 0 left on base; West Virginia 12 - South Bend 0 |
| TOP OF THE 9TH |
|
West Virginia Power batting - Pitching for South Bend Cubs : RHP Scott Hanson
|
|
Batting: RHB Melvin Durland
|
0-0: Ball 1-0: Foul Ball, location: 2F 1-1: SINGLE (Groundball, 56D, EV 97.5 MPH)
|
|
Batting: RHB Hidesuke Yoshida
|
0-0: Fly out, F1 (Line Drive, P, EV 70.6 MPH)
|
|
Batting: RHB Rusty Trader
|
0-0: Ball 1-0: Ball 2-0: Fly out, F9 (Flyball, 89M, EV 90.6 MPH)
|
|
Batting: LHB Shuan-yan Wu
|
0-0: Foul Ball, location: 2F 0-1: Foul Ball, location: 2F 0-2: Ball Wild Pitch! Melvin Durland to second 1-2: Foul Ball, location: 2F 1-2: Ground out U3 (Groundball, 3S, EV 73.1 MPH)
|
| Top of the 9th over - 0 runs, 1 hit, 0 errors, 1 left on base; West Virginia 12 - South Bend 0 |
| BOTTOM OF THE 9TH |
|
South Bend Cubs batting - Pitching for West Virginia Power : LHP Hugo Aquino
|
|
Batting: RHB Mike Hill
|
0-0: Called Strike 0-1: Ball 1-1: Called Strike 1-2: Foul Ball, location: 2F 1-2: Ball 2-2: Ball 3-2: Foul Ball, location: 2F 3-2: Strikes out swinging
|
|
Batting: RHB Ryan Bush
|
0-0: Swinging Strike 0-1: Swinging Strike 0-2: Ball 1-2: Foul Ball, location: 2F 1-2: SINGLE (Groundball, 6MD, EV 97.5 MPH)
|
|
Pitching: LHP David Arnold
|
|
|
Batting: RHB David Bousfield
|
0-0: Ball 1-0: Called Strike 1-1: Foul Ball, location: 2F 1-2: Ball 2-2: Ball 3-2: Strikes out swinging
|
|
Batting: RHB Victor Ramirez
|
0-0: Ball 1-0: Called Strike 1-1: Swinging Strike 1-2: Strikes out swinging
|
| Bottom of the 9th over - 0 runs, 1 hit, 0 errors, 1 left on base; West Virginia 12 - South Bend 0 |
|